TOP OF THE 1ST |
D.C. Divided batting - Pitching for Ft. Worth Cattlemen : LHP Bartolomeu Lio
|
Pitching: LHP Bartolomeu Lio
|
|
Batting: RHB Roberto Maestas
|
0-0: Called Strike 0-1: Ball 1-1: Called Strike 1-2: Ball 2-2: Ground out 5-3 (Groundball, 56)
|
Batting: RHB Rubén Alvarado
|
0-0: Called Strike 0-1: Ball 1-1: Swinging Strike 1-2: Ball 2-2: Foul Ball, location: 2F 2-2: Foul Ball, location: 2F 2-2: Foul Ball, location: 2F 2-2: Ball 3-2: Fly out, F6 (Line Drive, 6)
|
Batting: LHB Obidiah Lewis
|
0-0: Called Strike 0-1: Hit by Pitch
|
Batting: RHB Mario Castillo
|
0-0: Ball 1-0: Called Strike 1-1: Called Strike 1-2: Ball 2-2: Foul Ball, location: 2F 2-2: Strikes out looking
|
Top of the 1st over - 0 run(s), 0 hit(s), 0 error(s), 1 left on base; D.C. 0 - Ft. Worth 0 |
BOTTOM OF THE 1ST |
Ft. Worth Cattlemen batting - Pitching for D.C. Divided : RHP Denver Milne
|
Pitching: RHP Denver Milne
|
|
Batting: SHB Gregg Wagner
|
0-0: Called Strike 0-1: Ground out 6-3 (Groundball, 6)
|
Batting: SHB Robby Day
|
0-0: Ground out 4-3 (Groundball, 4S)
|
Batting: RHB Bart Lewis
|
0-0: Called Strike 0-1: Foul Ball, location: 2F 0-2: Hit by Pitch
|
Batting: LHB Jesús Morales
|
0-0: Foul Ball, location: 2F 0-1: Called Strike 0-2: Ground out U3 (Groundball, 3)
|
Bottom of the 1st over - 0 run(s), 0 hit(s), 0 error(s), 1 left on base; D.C. 0 - Ft. Worth 0 |
TOP OF THE 2ND |
D.C. Divided batting - Pitching for Ft. Worth Cattlemen : LHP Bartolomeu Lio
|
Batting: RHB Wilbur Davis
|
0-0: Ball 1-0: Foul Ball, location: 2F 1-1: SOLO HOME RUN (Flyball, 78XD), Distance : 438 ft
|
Batting: LHB Tom Benjamin
|
0-0: Called Strike 0-1: Called Strike 0-2: Foul Ball, location: 2F 0-2: Strikes out looking
|
Batting: LHB Charles Mathes
|
0-0: Ball 1-0: Foul Ball, location: 2F 1-1: Swinging Strike 1-2: Foul Ball, location: 2F 1-2: Foul Ball, location: 2F 1-2: Foul Ball, location: 2F 1-2: Strikes out swinging
|
Batting: RHB Lloyd Alberink
|
0-0: Ball 1-0: Called Strike 1-1: Called Strike 1-2: Ball 2-2: Ball 3-2: SINGLE (Groundball, 6MD)
|
Batting: LHB Sal Bradshaw
|
0-0: Ball 1-0: Foul Ball, location: 2F 1-1: Ball 2-1: Ball Balk! Lloyd Alberink to second 3-1: Base on Balls
|
Batting: RHB Roberto Maestas
|
0-0: Ball 1-0: Ball 2-0: Foul Ball, location: 2F 2-1: Ground out 6-3 (Groundball, 6MS)
|
Top of the 2nd over - 1 run(s), 2 hit(s), 0 error(s), 2 left on base; D.C. 1 - Ft. Worth 0 |
BOTTOM OF THE 2ND |
Ft. Worth Cattlemen batting - Pitching for D.C. Divided : RHP Denver Milne
|
Batting: RHB Tim Burney
|
0-0: Ball 1-0: Swinging Strike 1-1: Fly out, F6 (Line Drive, 6D)
|
Batting: LHB Rick Mayfield
|
0-0: Swinging Strike 0-1: Ball 1-1: Ball 2-1: Fly out, F3 (Line Drive, 3)
|
Batting: RHB Gilberto Juárez
|
0-0: Called Strike 0-1: Foul Ball, location: 2F 0-2: Foul Ball, location: 2F 0-2: Ball 1-2: Ball 2-2: Ball 3-2: Foul Ball, location: 2F 3-2: Foul Ball, location: 2F 3-2: SINGLE (Flyball, 9S)
|
Batting: SHB John Allen
|
0-0: Swinging Strike 0-1: Ball 1-1: Ball 2-1: Ball 3-1: Fly out, F5 (Line Drive, 5)
|
Bottom of the 2nd over - 0 run(s), 1 hit(s), 0 error(s), 1 left on base; D.C. 1 - Ft. Worth 0 |
TOP OF THE 3RD |
D.C. Divided batting - Pitching for Ft. Worth Cattlemen : LHP Bartolomeu Lio
|
Batting: RHB Rubén Alvarado
|
0-0: Ball 1-0: Ball 2-0: Foul Ball, location: 2F 2-1: Ball 3-1: Called Strike 3-2: Foul Ball, location: 2F 3-2: Ground out 5-3 (Groundball, 56)
|
Batting: LHB Obidiah Lewis
|
0-0: Swinging Strike 0-1: Ball 1-1: Ball 2-1: Swinging Strike 2-2: Strikes out swinging
|
Batting: RHB Mario Castillo
|
0-0: Foul Ball, location: 2F 0-1: Foul Ball, location: 2F 0-2: Fly out, F8 (Flyball, 8LD)
|
Top of the 3rd over - 0 run(s), 0 hit(s), 0 error(s), 0 left on base; D.C. 1 - Ft. Worth 0 |
BOTTOM OF THE 3RD |
Ft. Worth Cattlemen batting - Pitching for D.C. Divided : RHP Denver Milne
|
Batting: RHB Santo Alba
|
0-0: Called Strike 0-1: Ball 1-1: Ball 2-1: Ground out 6-3 (Groundball, 6)
|
Batting: SHB Gregg Wagner
|
0-0: Fly out, F7 (Flyball, 7S)
|
Batting: SHB Robby Day
|
0-0: Ball 1-0: Ball 2-0: Called Strike 2-1: Fly out, F8 (Line Drive, 8RM)
|
Bottom of the 3rd over - 0 run(s), 0 hit(s), 0 error(s), 0 left on base; D.C. 1 - Ft. Worth 0 |
TOP OF THE 4TH |
D.C. Divided batting - Pitching for Ft. Worth Cattlemen : LHP Bartolomeu Lio
|
Batting: RHB Wilbur Davis
|
0-0: DOUBLE (Line Drive, 7LM)
|
Batting: LHB Tom Benjamin
|
0-0: Swinging Strike 0-1: SINGLE (Groundball, 4D) Wilbur Davis to third Runner from 3rd tries for Home, SAFE, no throw
|
Batting: LHB Charles Mathes
|
0-0: Ball 1-0: Ball 2-0: SINGLE (Line Drive, 34) Tom Benjamin to second Runner from 2nd tries for 3rd, SAFE, throw made to third
|
Batting: RHB Lloyd Alberink
|
0-0: Ball 1-0: Ball 2-0: Foul Ball, location: 2F 2-1: Foul Ball, location: 2F 2-2: Strikes out swinging
|
Batting: LHB Sal Bradshaw
|
0-0: Ball 1-0: Foul Ball, location: 2F 1-1: Ball 2-1: Swinging Strike 2-2: Strikes out looking Charles Mathes steals 2nd base Batter strikes out.
|
Batting: RHB Roberto Maestas
|
0-0: Ball 1-0: Foul Ball, location: 2F 1-1: Foul Ball, location: 2F 1-2: Ball 2-2: Ball 3-2: Base on Balls
|
Batting: RHB Rubén Alvarado
|
0-0: Ball 1-0: Ball 2-0: Swinging Strike 2-1: SINGLE (Groundball, 56D) Tom Benjamin scores Charles Mathes to third Roberto Maestas to second Runner from 3rd tries for Home, throw and OUT!
|
Top of the 4th over - 2 run(s), 4 hit(s), 0 error(s), 2 left on base; D.C. 3 - Ft. Worth 0 |
BOTTOM OF THE 4TH |
Ft. Worth Cattlemen batting - Pitching for D.C. Divided : RHP Denver Milne
|
Batting: RHB Bart Lewis
|
0-0: Called Strike 0-1: Ball 1-1: Ground out 6-3 (Groundball, 6)
|
Batting: LHB Jesús Morales
|
0-0: Ground out 4-3 (Groundball, 4)
|
Batting: RHB Tim Burney
|
0-0: Fly out, F8 (Flyball, 8LM)
|
Bottom of the 4th over - 0 run(s), 0 hit(s), 0 error(s), 0 left on base; D.C. 3 - Ft. Worth 0 |
TOP OF THE 5TH |
D.C. Divided batting - Pitching for Ft. Worth Cattlemen : LHP Bartolomeu Lio
|
Pitching: LHP Asher Spivey
|
|
Batting: LHB Obidiah Lewis
|
0-0: Called Strike 0-1: Swinging Strike 0-2: Foul Ball, location: 2F 0-2: Strikes out swinging
|
Batting: RHB Mario Castillo
|
0-0: Foul Ball, location: 2F 0-1: Ground out 6-3 (Groundball, 6)
|
Batting: RHB Wilbur Davis
|
0-0: Called Strike 0-1: Called Strike 0-2: Foul Ball, location: 2F 0-2: Strikes out swinging
|
Top of the 5th over - 0 run(s), 0 hit(s), 0 error(s), 0 left on base; D.C. 3 - Ft. Worth 0 |
BOTTOM OF THE 5TH |
Ft. Worth Cattlemen batting - Pitching for D.C. Divided : RHP Denver Milne
|
Pitching: RHP Trevor Brohard
|
|
Batting: LHB Rick Mayfield
|
0-0: Called Strike 0-1: Called Strike 0-2: Foul Ball, location: 2F 0-2: Foul Ball, location: 2F 0-2: Ball 1-2: Foul Ball, location: 2F 1-2: Foul Ball, location: 2F 1-2: Ground out 4-3 (Groundball, 4)
|
Batting: RHB Gilberto Juárez
|
0-0: Swinging Strike 0-1: SINGLE (Groundball, 34D)
|
Batting: SHB John Allen
|
0-0: Ball 1-0: Ball Gilberto Juárez steals 2nd base 2-0: Called Strike 2-1: Ball Gilberto Juárez steals 3rd base 3-1: Fly out, F8 (Line Drive, 89D) Runner from 3rd tags up, SCORES, no throw
|
Batting: RHB Santo Alba
|
0-0: Ball 1-0: Foul Ball, location: 2F 1-1: Called Strike 1-2: Ball 2-2: Ground out U3 (Groundball, 34S)
|
Bottom of the 5th over - 1 run(s), 1 hit(s), 0 error(s), 0 left on base; D.C. 3 - Ft. Worth 1 |
TOP OF THE 6TH |
D.C. Divided batting - Pitching for Ft. Worth Cattlemen : LHP Asher Spivey
|
Batting: LHB Tom Benjamin
|
0-0: Called Strike 0-1: Ball 1-1: Called Strike 1-2: Foul Ball, location: 2F 1-2: SINGLE (Line Drive, 78S)
|
Batting: LHB Charles Mathes
|
0-0: Called Strike 0-1: Ball 1-1: Swinging Strike 1-2: Foul Ball, location: 2F 1-2: Strikes out swinging
|
Batting: RHB Lloyd Alberink
|
0-0: Called Strike 0-1: Ball 1-1: Swinging Strike 1-2: Foul Ball, location: 2F 1-2: Strikes out looking
|
Batting: LHB Sal Bradshaw
|
0-0: Called Strike 0-1: Ball 1-1: Swinging Strike 1-2: Foul Ball, location: 2F 1-2: Strikes out swinging
|
Top of the 6th over - 0 run(s), 1 hit(s), 0 error(s), 1 left on base; D.C. 3 - Ft. Worth 1 |
BOTTOM OF THE 6TH |
Ft. Worth Cattlemen batting - Pitching for D.C. Divided : RHP Trevor Brohard
|
Batting: SHB Gregg Wagner
|
0-0: Foul Ball, location: 2F 0-1: SINGLE (Line Drive, 4MD)
|
Batting: SHB Robby Day
|
0-0: Ground out 4-3 (Groundball, 4S) Gregg Wagner to second
|
Batting: RHB Bart Lewis
|
0-0: Fly out, F8 (Flyball, 8RM)
|
Batting: LHB Jesús Morales
|
0-0: Ball 1-0: Called Strike 1-1: Hit by Pitch
|
Batting: RHB Tim Burney
|
0-0: Ball 1-0: Ball 2-0: Swinging Strike 2-1: Fly out, F9 (Flyball, 9D)
|
Bottom of the 6th over - 0 run(s), 1 hit(s), 0 error(s), 2 left on base; D.C. 3 - Ft. Worth 1 |
TOP OF THE 7TH |
D.C. Divided batting - Pitching for Ft. Worth Cattlemen : LHP Asher Spivey
|
Pitching: RHP Roberto Cavazos
|
|
Pinch Hitting: LHB Neil Lawson
|
0-0: Fly out, F9 (Flyball, 9S)
|
Pinch Hitting: LHB Mike Gardner
|
0-0: Foul Ball, location: 2F 0-1: DOUBLE (Line Drive, 7D)
|
Pinch Runner at 2nd Wilfred McLaughlin:
|
|
Pinch Hitting: LHB Michael Neely
|
0-0: Ball 1-0: Ball 2-0: Ball 3-0: Called Strike 3-1: Foul Ball, location: 2F 3-2: Base on Balls
|
Batting: RHB Mario Castillo
|
0-0: Ball 1-0: Ground out 6-3 (Groundball, 6S) Wilfred McLaughlin to third Michael Neely to second
|
Batting: RHB Arturo Rodríguez
|
0-0: Called Strike 0-1: Ball 1-1: Called Strike 1-2: Strikes out swinging
|
Top of the 7th over - 0 run(s), 1 hit(s), 0 error(s), 2 left on base; D.C. 3 - Ft. Worth 1 |
BOTTOM OF THE 7TH |
Ft. Worth Cattlemen batting - Pitching for D.C. Divided : RHP Trevor Brohard
|
Now at 1B: Neil Lawson
|
|
Now at 2B: Tony Romero
|
|
Now in RF: Wilfred McLaughlin
|
|
Batting: LHB Rick Mayfield
|
0-0: Ground out 5-3 (Groundball, 56S)
|
Batting: RHB Gilberto Juárez
|
0-0: Ball 1-0: SINGLE (Flyball, 9LS)
|
Batting: SHB John Allen
|
0-0: Ball 1-0: Foul Ball, location: 2F 1-1: Ball 2-1: Ball 3-1: Foul Ball, location: 2F 3-2: SINGLE (Line Drive, 4MD) Gilberto Juárez to second
|
Pinch Hitting: LHB Ryan Westlake
|
0-0: Ball 1-0: Ball Gilberto Juárez steals 3rd base John Allen to second 2-0: Swinging Strike 2-1: Called Strike 2-2: Ball 3-2: Strikes out swinging
|
Pinch Hitting: RHB Yoshihito Saikawa
|
0-0: Foul Ball, location: 2F 0-1: Ball 1-1: Ground out 5-3 (Groundball, 5)
|
Bottom of the 7th over - 0 run(s), 2 hit(s), 0 error(s), 2 left on base; D.C. 3 - Ft. Worth 1 |
TOP OF THE 8TH |
D.C. Divided batting - Pitching for Ft. Worth Cattlemen : RHP Roberto Cavazos
|
Now at 3B: Yoshihito Saikawa
|
|
Now in CF: Ryan Westlake
|
|
Pinch Hitting: RHB Daryl Moran
|
0-0: Called Strike 0-1: Fly out, F4 (Popup, 34D)
|
Pitching: RHP Jeff Krause
|
|
Pinch Hitting: RHB Julián Salcido
|
0-0: Ball 1-0: Foul Ball, location: 2F 1-1: SINGLE (Line Drive, 9S)
|
Batting: RHB Lloyd Alberink
|
0-0: Ball Julián Salcido steals 2nd base 1-0: Called Strike 1-1: Called Strike 1-2: Ball 2-2: Ball 3-2: Ground out 6-3 (Groundball, 6)
|
Batting: LHB Sal Bradshaw
|
0-0: SINGLE (Groundball, 34D) Julián Salcido to third Runner from 3rd tries for Home, SAFE, no throw
|
Batting: LHB Neil Lawson
|
0-0: Ball 1-0: Fly out, F9 (Flyball, 9LD)
|
Top of the 8th over - 1 run(s), 2 hit(s), 0 error(s), 1 left on base; D.C. 4 - Ft. Worth 1 |
BOTTOM OF THE 8TH |
Ft. Worth Cattlemen batting - Pitching for D.C. Divided : RHP Trevor Brohard
|
Now in LF: Daryl Moran
|
|
Now in CF: Julián Salcido
|
|
Pinch Hitting: LHB Orlando Trevino
|
0-0: Ball 1-0: Ball 2-0: Ball 3-0: Called Strike 3-1: Called Strike 3-2: Base on Balls
|
Pinch Hitting: RHB Ed Hopkins
|
0-0: Foul Ball, location: 2F 0-1: Reached on error, E1 (Groundball, P) Orlando Trevino to second
|
Pinch Hitting: RHB Keith Best
|
0-0: Called Strike 0-1: Called Strike 0-2: Ball 1-2: Grounds into double play, 1-6-3 (Groundball, 13S) Orlando Trevino to third
|
Batting: LHB Ramón García
|
0-0: Foul Ball, location: 2F 0-1: Swinging Strike 0-2: Ball 1-2: Foul Ball, location: 2F 1-2: Fly out, F8 (Flyball, 89XD)
|
Bottom of the 8th over - 0 run(s), 0 hit(s), 1 error(s), 1 left on base; D.C. 4 - Ft. Worth 1 |
TOP OF THE 9TH |
D.C. Divided batting - Pitching for Ft. Worth Cattlemen : RHP Jeff Krause
|
Now at 1B: Ed Hopkins
|
|
Now at SS: Jesús Martínez
|
|
Now in CF: Keith Best
|
|
Batting: RHB Wilfred McLaughlin
|
0-0: Called Strike 0-1: Ball 1-1: Ball 2-1: Reached on error, E5 (Groundball, 56)
|
Batting: RHB Tony Romero
|
0-0: Called Strike 0-1: Ball 1-1: Ball 2-1: Ball 3-1: Ground out 6-3 (Groundball, 6)
|
Pinch Hitting: LHB Jorge Aicón
|
0-0: Foul Ball, location: 2F 0-1: Ground out 6-3 (Groundball, 6)
|
Batting: RHB Arturo Rodríguez
|
0-0: Swinging Strike 0-1: Ball 1-1: Foul Ball, location: 2F 1-2: Ball 2-2: SINGLE (Groundball, 4MD) Wilfred McLaughlin to third Runner from 3rd tries for Home, SAFE, no throw
|
Pitching: RHP Don Miller
|
|
Batting: RHB Daryl Moran
|
0-0: Ball 1-0: Ball 2-0: Fly out, F8 (Flyball, 8RM)
|
Top of the 9th over - 1 run(s), 1 hit(s), 1 error(s), 1 left on base; D.C. 5 - Ft. Worth 1 |
BOTTOM OF THE 9TH |
Ft. Worth Cattlemen batting - Pitching for D.C. Divided : RHP Trevor Brohard
|
Pitching: RHP Luis Fernández
|
|
Now at C: Jorge Aicón
|
|
Batting: LHB Rick Mayfield
|
0-0: Swinging Strike 0-1: Ball 1-1: Ball 2-1: Foul Ball, location: 2F 2-2: Foul Ball, location: 2F 2-2: Ball 3-2: Strikes out swinging
|
Pinch Hitting: RHB Jim Burch
|
0-0: Ball 1-0: Ball 2-0: Called Strike 2-1: Ball 3-1: Foul Ball, location: 2F 3-2: Fly out, F9 (Flyball, 9S)
|
Batting: SHB John Allen
|
0-0: Called Strike 0-1: Ball 1-1: Foul Ball, location: 2F 1-2: Strikes out swinging
|
Bottom of the 9th over - 0 run(s), 0 hit(s), 0 error(s), 0 left on base; D.C. 5 - Ft. Worth 1 |
|